Match 30083472
Unlisted

Match 30083472
End
Construct Infanterie Kompanie
MG 42 Machine Gun Team
Selects Mechanized Battlegroup
GrW 34 Mortar Team
GrW 34 Mortar Team
Grenadier Squad
Grenadier Squad
Selects Spotting Scopes
Construct Luftwaffe Kompanie
Selects Stoßtruppen Assault Package
Construct Panzergrenadier Kompanie
Support Elements
Jäger Squad
Panzergrenadier Squad
Jäger Squad
Selects Mechanized Assault
Construct Panzer Kompanie
Jäger Squad
Stoßtruppen Squad
Selects Raid Package
Panzer Officer Quarters
Stoßtruppen Squad
Nebelwerfer 42 Rocket Launcher Team
Panzer IV Medium Tank
Selects 8 Rad Armored Car
Panzer IV Medium Tank
Jäger Squad
Pioneer Squad
Panzer IV Medium Tank
Pioneer Squad
Side Skirts
Mechanized Assault
8 Rad Armored Car
Selects Panther Heavy Tank
Panther Heavy Tank
Panther Heavy Tank
Pioneer Squad
Mechanized Assault
8 Rad Armored Car
McAlloway
Hanaken
EISERNES KREUZ
琵琵琶琶
soplul
joy0407
daniel12l
Ronson.Ronson
0
0

Comments sign in to comment!

No comments posted yet!